Map: [ESL] Goldenaura

Players

Classic - Winner!

  • Race: Protoss Protoss
  • Spawn Location: 5:00

GunGFuBanDa

  • Race: Protoss Protoss
  • League: Master
  • Spawn Location: 12:00

Event: IEM Katowice 2024

VOD

Have the link to the VOD?

Description

Time

  • Played on: Dec. 7, 2023, 2:20 p.m.
  • Length: 10:08

All games in this series

Show
View Real Time Build Order
Export as new Build Order

Classic Protoss - Winner!

Build Orders:  

Get SALT Encoding   

  12  0:00  Probe  
  13  0:12  Probe  
  14  0:17  Pylon  
  14  0:24  Probe  
  15  0:35  Gateway  
  15  0:37  Probe (Chrono Boost)  
  16  0:47  Assimilator, Probe (Chrono Boost)  
  17  0:52  Probe (Chrono Boost)  
  18  0:57  Assimilator  
  18  1:04  Probe (Chrono Boost)  
  19  1:09  Gateway  
  19  1:13  Probe (Chrono Boost)  
  20  1:18  Probe (Chrono Boost)  
  21  1:27  Cybernetics Core  
  21  1:30  Probe  
  22  1:37  Pylon  
  22  1:42  Probe  
  23  1:55  Probe  
  24  2:04  Stalker x2, Warp Gate (Chrono Boost)  
  28  2:15  Pylon  
  28  2:29  Pylon  
  28  2:35  Stalker x2  
  32  2:50  Robotics Facility  
  32  3:05  Stalker x2  
  36  3:10  Gateway  
  36  3:11  Pylon  
  36  3:27  Shield Battery  
  36  3:35  Warp Prism (Chrono Boost)  
  38  3:46  Stalker  
  40  3:48  Stalker  
  42  3:56  Pylon  
  41  4:14  Sentry x3  
  47  4:20  Pylon  
  47  4:34  Nexus  
  47  4:37  Probe  
  46  4:51  Probe  
  46  4:52  Twilight Council  
  47  4:54  Observer  
  48  5:03  Stalker  
  50  5:12  Probe, Pylon  
  51  5:21  Stalker  
  51  5:31  Probe  
  52  5:36  Blink (Chrono Boost)  
  53  5:50  Probe  
  54  6:03  Stalker, Probe  
  55  6:08  Stalker  
  57  6:15  Probe  
  57  6:16  Stalker  
  60  6:19  Probe  
  60  6:27  Probe  
  61  6:33  Probe  
  61  6:39  Probe  
  63  6:44  Stalker  
  65  6:47  Pylon  
  65  7:01  Stalker x2  
  68  7:08  Stalker  
  70  7:13  Shield Battery  
  70  7:17  Immortal  
  70  7:37  Stalker x3  
  75  7:50  Probe x2  
  77  8:01  Stalker x3  
  77  8:02  Probe  
  77  8:04  Pylon  
  78  8:23  Probe x2  
  80  8:29  Stalker x2  
  80  8:30  Stalker  
  86  8:36  Pylon  
  86  8:39  Probe (Chrono Boost)  
  86  8:41  Probe (Chrono Boost)  
  89  8:49  Probe (Chrono Boost)  
  89  8:50  Probe (Chrono Boost)  
  89  8:54  Probe (Chrono Boost)  
  89  8:55  Probe (Chrono Boost)  
  92  9:06  Stalker x3  
  98  9:10  Pylon  
  86  9:30  Stalker x2  
  86  9:31  Stalker  
  91  9:50  Probe x2  
  93  9:54  Stalker  
  93  9:55  Zealot x2  
Show
View Real Time Build Order
Export as new Build Order

GunGFuBanDa Protoss 

Build Orders: Oracle Opening 

Get SALT Encoding   

  12  0:00  Probe  
  13  0:12  Probe  
  14  0:17  Pylon  
  14  0:24  Probe (Chrono Boost)  
  16  0:36  Probe (Chrono Boost)  
  16  0:38  Gateway  
  16  0:43  Probe (Chrono Boost)  
  16  0:46  Assimilator  
  17  0:50  Probe  
  17  0:55  Assimilator  
  18  1:03  Probe (Chrono Boost)  
  19  1:07  Gateway  
  19  1:12  Probe (Chrono Boost)  
  19  1:17  Probe (Chrono Boost)  
  20  1:25  Cybernetics Core  
  21  1:29  Probe  
  22  1:39  Pylon  
  22  1:42  Probe  
  23  1:57  Probe  
  24  2:02  Warp Gate, Stalker  
  24  2:06  Stalker  
  28  2:16  Pylon  
  28  2:33  Pylon  
  28  2:34  Stalker  
  28  2:36  Stalker  
  32  2:47  Stargate  
  32  2:55  Probe  
  33  3:16  Nexus  
  33  3:25  Probe  
  33  3:28  Oracle (Chrono Boost)  
  36  3:38  Pylon  
  36  3:46  Shield Battery  
  34  3:51  Sentry, Stalker  
  38  4:00  Oracle (Chrono Boost)  
  38  4:06  Pylon  
  41  4:18  Pylon  
  41  4:27  Stalker  
  43  4:31  Twilight Council  
  43  4:40  Stalker  
  45  4:50  Gateway  
  45  4:52  Gateway  
  45  4:57  Pylon  
  45  5:00  Stalker  
  47  5:10  Blink (Chrono Boost)  
  47  5:15  Gateway  
  47  5:46  Gateway  
  47  5:49  Sentry, Stalker  
  51  6:10  Probe  
  52  6:13  Stalker x3  
  52  6:18  Pylon  
  58  6:28  Pylon  
  58  6:40  Stalker x3  
  64  7:06  Stalker x2  
  68  7:13  Nexus  
  68  7:15  Pylon  
  58  7:45  Probe  
  58  7:47  Stalker x3  
  65  8:01  Probe  
  65  8:03  Shield Battery  
  63  8:13  Probe  
  63  8:19  Adept  
  65  8:20  Adept  
  65  8:25  Probe x2  
  69  8:33  Shield Battery  
  69  8:37  Probe x2  
  71  8:49  Probe x2  
  71  8:53  Forge  
  73  8:56  Robotics Facility  
  73  9:01  Probe  
  74  9:09  Stalker x2  
  74  9:22  Stalker x2  
  74  9:32  Stalker x2  
  72  9:50  Zealot  
  72  9:52  Zealot  

Tags
 
Add a new tag
Caveats
  • Supply blocks, unpowered buildings, or Contaminate may cause inaccurate times.
  • Supply counts are checked every 10 seconds.